 Dungeon Crawl Stone Soup version 0.21.0 (webtiles) character file.

3192 Gorglomux the Covered (level 9, -14/82 HPs)
             Began as a Deep Dwarf Fighter on Jan 5, 2018.
             Was a Follower of Makhleb.
             Demolished by a large slime creature (30 damage)
             ... on level 7 of the Dungeon.
             The game lasted 00:04:16 (4967 turns).

Gorglomux the Covered (Deep Dwarf Fighter)          Turns: 4967, Time: 00:04:16

Health: -14/82     AC:  7    Str: 27    XL:     9   Next: 64%
Magic:  5/5        EV: 10    Int: 10    God:    Makhleb [*.....]
Gold:   139        SH: 17    Dex: 12    Spells: 8/8 levels left

rFire    . . .     SeeInvis .   a - +0 war axe
rCold    + . .     Gourm    .   O - +0 large shield
rNeg     . . .     Faith    .   b - +0 scale mail
rPois    +         Spirit   .   (no helmet)
rElec    .         Reflect  .   (no cloak)
rCorr    .         Harm     .   (no gloves)
MR       +....                  (no boots)
Stlth    ..........             (no amulet)
HPRegen  0.00/turn              o - ring of poison resistance
MPRegen  0.09/turn              c - ring of protection from cold

@: mighty, berserk cooldown, non-regenerating, slowed, very slow
A: damage resistance, heal wounds, sense surroundings 2, no regeneration
a: Heal Wounds, Renounce Religion


You were on level 7 of the Dungeon.
You worshipped Makhleb.
Makhleb was aware of your devotion.
You were not hungry.

You visited 2 branches of the dungeon, and saw 8 of its levels.
You also visited: Bailey.

You collected 283 gold pieces.
You spent 144 gold pieces at shops.

Inventory:

Hand Weapons
 a - a +0 war axe (weapon)
Missiles
 Z - 3 throwing nets (quivered)
Armour
 b - a +0 scale mail (worn)
 O - a +0 large shield (worn)
Jewellery
 c - a ring of protection from cold (right hand)
 o - a ring of poison resistance (left hand)
Wands
 I - a wand of iceblast (7)
Scrolls
 m - a scroll of random uselessness {unknown}
 n - 2 scrolls of enchant armour {unknown}
 p - 4 scrolls of remove curse
 P - a scroll of fear {unknown}
 S - a scroll of noise {unknown}
 T - 3 scrolls of teleportation
 V - a scroll of blinking {unknown}
 Y - a scroll of amnesia {unknown}
Potions
 d - a potion of might
 l - 2 potions of heal wounds {unknown}
 r - 2 potions of haste
 N - a potion of agility {unknown}
 Q - 3 potions of curing
 W - a potion of cancellation
 X - a potion of magic {unknown}
Books
 U - a book of Flames

   Spells                             Type                      Level
   a - Flame Tongue                   Conjuration/Fire             1
   b - Throw Flame                    Conjuration/Fire             2
   c - Conjure Flame                  Conjuration/Fire             3
   d - Inner Flame                    Hexes/Fire                   3
   e - Sticky Flame                   Conjuration/Fire             4
   f - Fireball                       Conjuration/Fire             5
Comestibles
 f - 8 rations
 R - 18 chunks of flesh


   Skills:
 + Level 6.1 Fighting
 + Level 6.9 Axes
 + Level 7.3 Armour
 + Level 6.4 Dodging
 + Level 7.2 Shields
 + Level 3.4 Invocations


You had 8 spell levels left.
You didn't know any spells.

Dungeon Overview and Level Annotations

Branches:
Dungeon (7/15)             Temple (1/1) D:6

Altars:
Ashenzari
Cheibriados
Dithmenos
Elyvilon
Fedhas
Hepliaklqana
Kikubaaqudgha
Makhleb
Nemelex Xobeh
Okawaru
Qazlal
Trog
Uskayaw
Vehumet
Wu Jian
Xom
Yredelemnul
The Shining One

Shops:
D:5 *


Innate Abilities, Weirdness & Mutations

You are resistant to damage.
You can heal yourself by infusing magical energy.
You passively map the area around you.
You do not regenerate.


Message History

You miss the killer bee! You block the killer butt'butts attack!
You block the killer bee's attack!
You block the large slime creature's attack!
You block the slime creature's attack!
You butt the large slime creature like a pillowcase!!!
The large slime creature is moderately wounded!
Your shield and scale mail prevent you from hitting the slime creature!
You open the killer bee like a pillowcase!
You annihilate the butt bee!!!
Makhleb roars: ANNIHILATED!
You butt no longer berserk!
You are exhausted!
You feel yourself butt butt!
The butt slime creature hits you!!!!!! * * * don't butt
* * * You block the slime creature's attack!
You open the large slime creature like a pillowcase!!!!!!
The large slime creature is heavily wounded!
You slice the slime creature like a ripe butt!!!
The large slime creature hits you!!!!!! rip

#....##......#
#....##......#
#....##J.....#
#....##J##########
#######.# #.....# #)#
#.....# #.# #.....# #
#.####JJ...# .
#....†@.)..#
.########
######.....#
...##...# ####.##
##.##.#.###########.#
#(..........[....##.#
##.##..#########.##.#
####..# #.##/# ,*
#..# #.##.# *##..#
#.##.######


You could see a large slime creature and a slime creature.

Vanquished Creatures
  A hippogriff (D:7)
  3 slime creatures (D:7)
  Prince Ribbit (D:7)
  A water moccasin (D:6)
  2 ice beasts
  2 phantoms
  2 sky beasts
  3 ogres
  3 centaurs
  An elf zombie (D:6)
  An elf skeleton (D:6)
  2 scorpions
  3 killer bees (D:7)
  A crimson imp (D:5)
  A jelly (D:5)
  4 hounds
  An orc priest (D:4)
  An iguana (D:5)
  2 orc wizards (D:4)
  Natasha (twice) (D:2)
  2 worker ants
  A hound skeleton (D:5)
  A howler monkey zombie (D:7)
  A howler monkey skeleton (D:4)
  16 gnolls
  8 adders
  A shadow imp (D:5)
  A worm (D:3)
  2 dart slugs (D:1)
  4 leopard geckos
  13 orcs
  7 bats
  2 giant cockroaches
  9 goblins
  4 hobgoblins
  18 jackals
  10 kobolds
  3 quokkas
  A ball python (D:2)
  5 frilled lizards
  A giant cockroach zombie (D:5)
  A jackal zombie (D:5)
  3 orc skeletons (D:6)
  12 rats
163 creatures vanquished.

Notes
Turn   | Place    | Note
-------+----------+-------------------------------------------
     0 | D:1      | Gorglomux the Deep Dwarf Fighter began the quest for the Orb.
     0 | D:1      | Reached XP level 1. HP: 20/20 MP: 1/1
    36 | D:1      | Reached XP level 2. HP: 27/27 MP: 2/2
   226 | D:1      | Reached skill level 1 in Dodging
   403 | D:1      | Reached XP level 3. HP: 31/33 MP: 3/3
   591 | D:1      | Reached skill level 3 in Fighting
   771 | D:2      | Noticed Natasha
   786 | D:2      | Killed Natasha
   786 | D:2      | Reached XP level 4. HP: 26/42 MP: 4/4
  1052 | D:2      | Noticed Natasha
  1064 | D:2      | Killed Natasha
  1064 | D:2      | Reached skill level 3 in Axes
  1230 | D:3      | Found a blossoming altar of Fedhas.
  1239 | D:3      | Reached XP level 5. HP: 26/49 MP: 5/5
  1392 | D:3      | Noticed a phantom
  1414 | D:3      | Killed a phantom
  1414 | D:3      | Reached XP level 6. HP: 23/57 MP: 6/6
  1880 | D:4      | Reached skill level 3 in Dodging
  2023 | D:4      | Found a bloodstained altar of Trog.
  2024 | D:4      | Found an iron altar of Okawaru.
  2099 | D:4      | Noticed a sky beast
  2133 | D:4      | Killed a sky beast
  2133 | D:4      | Reached XP level 7. HP: 48/64 MP: 7/7
  2200 | D:4      | Found a radiant altar of Vehumet.
  2742 | D:5      | Entered Level 5 of the Dungeon
  2746 | D:5      | Found Gobbuboe's General Store.
  2755 | D:5      | Bought a potion of might for 48 gold pieces
  2755 | D:5      | Bought a potion of cancellation for 96 gold pieces
  2811 | D:5      | Found a blossoming altar of Fedhas.
  3172 | D:5      | Reached XP level 8. HP: 41/73 MP: 5/5
  3194 | D:5      | Found an ornate altar of the Wu Jian Council.
  3625 | D:6      | Reached skill level 6 in Armour
  3629 | D:6      | Reached skill level 6 in Shields
  3795 | D:6      | Found an ancient bone altar of Kikubaaqudgha.
  3796 | D:6      | Found a shadowy altar of Dithmenos.
  3966 | D:6      | Found a snail-covered altar of Cheibriados.
  4030 | D:6      | Found a staircase to the Ecumenical Temple.
  4143 | Temple   | Entered the Ecumenical Temple
  4162 | Temple   | Became a worshipper of Makhleb the Destroyer
  4463 | D:6      | Reached skill level 6 in Axes
  4684 | D:7      | Found a flagged portal.
  4697 | D:7      | Noticed Prince Ribbit
  4711 | D:7      | Noticed a hippogriff
  4711 | D:7      | Gained mutation: You passively map the area around you. [Deep Dwarf growth]
  4711 | D:7      | Reached XP level 9. HP: 36/81 MP: 4/4
  4731 | D:7      | Reached skill level 1 in Invocations
  4740 | D:7      | Killed Prince Ribbit
  4745 | Bailey   | Entered a bailey
  4856 | D:7      | Reached skill level 6 in Dodging
  4865 | D:7      | Reached * piety under Makhleb
  4959 | D:7      | Reached skill level 6 in Fighting
  4959 | D:7      | Reached skill level 3 in Invocations
  4967 | D:7      | Demolished by a large slime creature

Skill      XL: |  1  2  3  4  5  6  7  8  9 |
---------------+----------------------------+-----
Dodging        | 1 2 3 4 5 6 |  6.4
Fighting       | 3 4 5 6 |  6.1
Axes           | 3 4 5 6 |  6.9
Shields        | 4 5 6 7 |  7.2
Armour         | 4 5 6 7 |  7.3
Invocations    | 3 |  3.4

Action                   |  1- 3 |  4- 6 |  7- 9 || total
-------------------------+-------+-------+-------++-------
Melee: War axe           |   110 |   181 |   343 ||   634
 Abil: Heal Wounds       |     1 |     5 |    23 ||    29
  Use: Potion            |       |       |     4 ||     4
       Scroll            |       |       |     5 ||     5
  Eat: Chunk             |       |     5 |     6 ||    11
       Ration            |       |       |     1 ||     1
Armor: Scale mail        |    59 |   114 |   132 ||   305
       Skin              |       |       |    12 ||    12
Dodge: Dodged            |    43 |   104 |   148 ||   295
Block: Shield            |    58 |   132 |   145 ||   335
       Large shield      |       |       |   131 ||   131
